 Dungeon Crawl Stone Soup version 0.28.0-47-ge53b351184 (webtiles) character file.

Game seed: 18150876320296200935

1184 CryoSword the Carver (level 8, -2/39 HPs)
             Began as a Vine Stalker Chaos Knight on May 9, 2022.
             Was a Plaything of Xom.
             Slain by Terence
             ... wielding a +0 hand axe
              (4 damage)
             ... on level 3 of the Dungeon.
             The game lasted 00:07:01 (3592 turns).

CryoSword the Carver (Vine Stalker Chaos Knight)    Turns: 3592, Time: 00:07:01

Health: -2/39      AC:  2    Str: 17    XL:     8   Next: 42%
Magic:  0/9        EV:  7    Int: 12    God:    Xom [....*.]
Gold:   101        SH: 13    Dex: 14    Spells: 7/7 levels left

rFire   . . .      SeeInvis .   a - +0 falchion (chaos)
rCold   . . .      Faith    .   e - +0 tower shield
rNeg    . . .      Spirit   +   b - +2 leather armour
rPois   .          Reflect  .   (no helmet)
rElec   .          Harm     .   o - +0 cloak {Will+}
rCorr   .          Rampage  .   (no gloves)
Will    ++...                   (no boots)
Stlth   +.........              l - amulet of regeneration
HPRegen 1.73/turn               f - ring of flight
MPRegen 0.11/turn               (no ring)

@: corroded, flying
A: fangs 3, regeneration 1, magic shield, antimagic bite, no potion heal 2
a: Renounce Religion


You were on level 3 of the Dungeon.
You worshipped Xom.
You were a beloved toy of Xom.
You visited 1 branch of the dungeon, and saw 5 of its levels.

You collected 218 gold pieces.
You spent 117 gold pieces at shops.

Inventory:

Hand Weapons
 a - a +0 falchion of chaos (weapon)
Missiles
 c - 5 poisoned darts
Armour
 b - a +2 leather armour (worn)
 e - a +0 tower shield (worn)
   (You found it on level 1 of the Dungeon)
 o - a +0 cloak of willpower (worn)
   (You found it on level 5 of the Dungeon)
Jewellery
 f - a ring of flight (left hand)
   (You found it on level 1 of the Dungeon)
 l - an amulet of regeneration (around neck)
   (You found it on level 3 of the Dungeon)
Wands
 m - a wand of acid (1) (quivered)
   (You found it on level 2 of the Dungeon)
Scrolls
 d - a scroll of holy word {unknown}
 g - 2 scrolls of fear {unknown}
 h - a scroll of amnesia {unknown}
 j - 2 scrolls of blinking
 p - a scroll of enchant weapon {unknown}
 u - a scroll of teleportation {unknown}
Potions
 i - a potion of mutation {unknown}
 k - a potion of brilliance
 n - 2 potions of ambrosia
 q - 3 potions of curing {@q1}
 s - a potion of magic
 t - 2 potions of heal wounds {unknown}


   Skills:
 - Level 2.6 Fighting
 * Level 8.0 Long Blades
 - Level 1.5 Armour
 - Level 0.7 Dodging
 + Level 4.6 Shields


You had 7 spell levels left.
You didn't know any spells.
Your spell library contained the following spells:

 Spells                   Type           Power      Damage    Failure   Level
 Blink                    Tloc           0%         N/A       100%        2
 Corpse Rot               Necr/Air       0%         N/A       100%        2
 Ensorcelled Hibernation  Hex/Ice        0%         N/A       100%        2
 Passwall                 Tmut/Erth      0%         N/A       100%        2
 Poisonous Vapours        Pois/Air       0%         N/A       100%        2
 Gell's Gravitas          Tloc           0%         N/A       100%        3
 Lesser Beckoning         Tloc           0%         N/A       100%        3
 Portal Projectile        Hex/Tloc       0%         N/A       100%        3
 Swiftness                Air            0%         N/A       100%        3
 Teleport Other           Tloc           0%         N/A       100%        3
 Blade Hands              Tmut           0%         N/A       100%        5
 Excruciating Wounds      Necr           0%         N/A       100%        5
 Manifold Assault         Tloc           0%         N/A       100%        5
 Storm Form               Tmut/Air       0%         N/A       100%        7


Dungeon Overview and Level Annotations

Branches:
Dungeon (5/15)             Temple (0/1) D:5

Altars:
Fedhas
Trog

Shops:
D:4 *

Annotations:
D:3 Ijyb, Terence


Innate Abilities, Weirdness & Mutations

You have razor-sharp teeth.
Your natural rate of healing is unusually fast.
When hurt, damage is shared between your health and your magic reserves.
Your bite disrupts and absorbs the magic of your enemies.
Potions cannot restore your health.


Message History

A frilled lizard is nearby!
The frilled lizard hisses angrily.
You miss the frilled lizard. Your bite misses the frilled lizard.
The frilled lizard bites you but does no damage.
You closely miss the frilled lizard. You bite the frilled lizard.
You kill the frilled lizard!
No target in view!
l - a scroll of identify {@r1} An orc comes into view.
It is wielding a +0 whip.
You see here 12 gold pieces.
The orc hits you but does no damage.
You barely miss the orc. You block the orc's attack.
You hit the orc. You burn the orc. You block the orc's attack.
You slash the orc!
You kill the orc!
No target in view!
As you read the scroll of identify {@r1}, it crumbles to dust.
s - a potion of magic You now have 88 gold pieces (gained 12).
Found a stone staircase leading up.
You now have 91 gold pieces (gained 3).
A bat comes into view.
A bat is nearby!
A bat is nearby!
A bat is nearby!
You block the bat's attack.
You barely miss the bat. You block the bat's attack. x2
You closely miss the bat. The bat hits you but does no damage.
The bat hits you but does no damage. You block the bat's attack.
The bat barely misses you.
You hit the bat.
The bat suddenly seems more agile.
Xom is highly amused!
Your bite misses the bat. The bat barely misses you.
You block the bat's attack.
You slash the bat!
You kill the bat!
No target in view!
No target in view!
Found a faded altar of an unknown god.
l - an amulet of regeneration You now have 101 gold pieces (gained 10).
t - 2 sapphire potions (gained 1) Could not explore, unopened door.
You reach down and open the door.
An adder comes into view.
The adder hisses angrily.
You hear an angry hiss.
An adder is nearby!
A rat comes into view.
There is an open door here.
You hit the adder. Lightning courses through the adder!
You kill the adder!
Found a hunting sling.
A bat comes into view.
The bat moves out of view.
You slash the rat! You burn the rat.
You kill the rat!
No target in view!
No target in view!
No target in view!
A giant cockroach comes into view.
A giant cockroach is nearby!
A giant cockroach is nearby!
You barely miss the giant cockroach.
You bite the giant cockroach, but do no damage.
The giant cockroach barely misses you.
You hit the giant cockroach.
You kill the giant cockroach!
No target in view!
No target in view!
Okay, then.
Unknown command.
You start putting on your amulet.
You continue putting on your amulet of regeneration.
Keep equipping yourself? [Y]es or [N]o only, please.
Keep equipping yourself? [Y]es or [N]o only, please.
Keep equipping yourself?
You stop putting on your amulet.
A hobgoblin comes into view.
The hobgoblin shouts!
Found 29 stones and 15 arrows.
The adder hisses angrily.
You block the adder's attack.
You closely miss the adder. Your bite misses the adder. The adder bites you.
You block the hobgoblin's attack. You block the adder's attack.
You hit the adder. You freeze the adder. Your bite misses the adder.
You block the adder's attack.
The hobgoblin hits you but does no damage.
You block the adder's attack. You block the hobgoblin's attack.
You hit the adder. You burn the adder.
You kill the adder!
The hobgoblin hits you but does no damage.
You hit the hobgoblin but do no damage.
Lightning courses through the hobgoblin!
You kill the hobgoblin!
You barely miss the bat. The bat closely misses you.
You slash the bat! You freeze the bat.
You kill the bat!
No target in view!
You start putting on your amulet.
You continue putting on your amulet of regeneration. x5
You finish putting on your amulet of regeneration.
The amulet throbs as it attunes itself to your uninjured body.
l - an amulet of regeneration (around neck)
A giant cockroach comes into view.
A giant cockroach is nearby!
A giant cockroach is nearby!
The giant cockroach barely misses you.
You hit the giant cockroach but do no damage.
You bite the giant cockroach.
You kill the giant cockroach!
No target in view!
There is an open door here.
There is a faded altar of an unknown god here.
There is a faded altar of an unknown god here.
Found a flail.
Terence the Incautious comes into view.
He is wielding a +0 hand axe.
Found a runed spear.
Terence shouts!
Unknown command.
Unknown command.
Found a bloodstained altar of Trog.
Terence barely misses you.
You hit Terence. You freeze Terence. Your bite misses Terence.
A white imp comes into view.
Terence hits you with a +0 hand axe.
The white imp shouts, "Face thy requiem, thou unmuzzled flat-headed hedge-pig!"
You hit Terence. You bite Terence, but do no damage.
You hear a shout!
You block Terence's attack.
You hit Terence but do no damage.
Terence goes berserk!
Xom is highly amused!
You bite Terence, but do no damage. You block Terence's attack.
Ijyb the Twisted Goblin comes into view.
She is wielding a +0 dagger and carrying a wand of acid (9).
You block Terence's attack.
The white imp hits you but does no damage.
Unknown command.
You hit Terence but do no damage.
Terence seems to grow stronger.
Xom thinks this is hilarious!
You bite Terence, but do no damage. You block Terence's attack.
Ijyb zaps a wand.
The bolt of acid hits the white imp!!
The white imp dies!
The bolt of acid hits you!!!
Ouch! That really hurt!
* * * LOW HITPOINT WARNING * * *
The acid corrodes you! Terence hits you with a +0 hand axe.
You die...

.≈≈≈≈####...######........##...).
≈≈≈≈≈#..........#.......#.##.....
######..)........................
.# #...........#................
.# ###.#####.#####...###.##.....
.# #.# #...####.......####### .#
# #.# #...##...........# .##.#
#.# ##...####..#.###.# ....# #.##
##..@# #..#.###.# .#### #..#
##..@##.....##.# .# ####
##...##.#>.##.# .# #######
.#g#...###..##.# ## .####...#.##
.# #.).#......####. #..........##
..##._.###......... #(###...#...#
..##### ##########
#.####..#...###...##
#.##....#.....##...#


You could see Ijyb and Terence (berserk, strong).

Vanquished Creatures
  Grinder (D:4)
  Sigmund (D:2)
  A sky beast (D:4)
  An ogre (D:5)
  A centaur (D:5)
  A scorpion (D:5)
  A bullfrog zombie (D:5)
  2 iguanas
  An orc priest (D:4)
  2 jellies (D:4)
  5 gnolls
  4 adders
  An adder zombie (D:5)
  An adder skeleton (D:4)
  A dart slug (D:3)
  6 orcs
  5 endoplasms
  17 giant cockroaches
  8 goblins
  8 hobgoblins
  2 jackals (D:3)
  5 quokkas
  12 ball pythons
  5 bats
  7 frilled lizards
  4 kobolds
  7 rats
110 creatures vanquished.

Vanquished Creatures (collateral kills)
  Edmund (D:4)
1 creature vanquished.

Vanquished Creatures (others)
  A white imp (D:3)
1 creature vanquished.

Grand Total: 112 creatures vanquished

Notes
Turn   | Place    | Note
-------+----------+-------------------------------------------
     0 | D:1      | CryoSword the Vine Stalker Chaos Knight began the quest for
                  | the Orb.
     0 | D:1      | Reached XP level 1. HP: 11/11 MP: 2/2
    59 | D:1      | XOM: silly message
   135 | D:1      | Reached skill level 3 in Long Blades
   155 | D:1      | XOM: silly message
   160 | D:1      | Reached XP level 2. HP: 9/16 MP: 3/3
   436 | D:1      | Reached XP level 3. HP: 19/19 MP: 4/4
   530 | D:1      | XOM: divination: detect creatures
  1060 | D:1      | XOM: silly message
  1337 | D:2      | Reached skill level 4 in Long Blades
  1483 | D:2      | Gained mutation: Your natural rate of healing is unusually
                  | fast. [Vine Stalker growth]
  1483 | D:2      | Reached XP level 4. HP: 23/23 MP: 3/5
  1490 | D:2      | XOM: silly message
  1560 | D:2      | XOM: divination: detect items
  1730 | D:2      | Noticed Sigmund
  1762 | D:2      | Reached skill level 1 in Shields
  1767 | D:2      | Killed Sigmund
  1768 | D:2      | Reached skill level 5 in Long Blades
  1768 | D:2      | Reached XP level 5. HP: 12/27 MP: 0/6
  1768 | D:2      | Reached XP level 6. HP: 14/32 MP: 0/7
  2233 | D:3      | You are sucked into a shaft and drop 2 floors!
  2233 | D:5      | Entered Level 5 of the Dungeon
  2301 | D:5      | Reached skill level 6 in Long Blades
  2330 | D:5      | Reached XP level 7. HP: 34/35 MP: 8/8
  2360 | D:5      | Found a staircase to the Ecumenical Temple.
  2377 | D:5      | XOM: noise
  2515 | D:4      | Found Ulilloim's Assorted Antiques.
  2538 | D:4      | XOM: confuse monster(s)
  2639 | D:4      | Noticed Grinder
  2646 | D:4      | XOM: potion effect (might)
  2647 | D:4      | Reached skill level 7 in Long Blades
  2656 | D:4      | Killed Grinder
  2657 | D:4      | Gained mutation: You have razor-sharp teeth. [Vine Stalker
                  | growth]
  2657 | D:4      | Reached XP level 8. HP: 35/39 MP: 6/9
  2671 | D:4      | Bought a scroll labelled AFFANEU YNNOEL for 24 gold pieces
  2671 | D:4      | Bought a scroll labelled AFFANEU YNNOEL for 24 gold pieces
  2671 | D:4      | Bought a fizzy emerald potion for 21 gold pieces
  2671 | D:4      | Bought a scroll of identify for 48 gold pieces
  2725 | D:4      | Noticed Edmund
  2740 | D:4      | XOM: noise
  2749 | D:4      | XOM: divination: detect creatures
  2765 | D:4      | XOM: confuse monster(s)
  2768 | D:4      | XOM: cast spell 'Summon Cactus Giant'
  2779 | D:4      | Killed Edmund
  2894 | D:4      | XOM: god gift: 14 arrows
  3148 | D:4      | XOM: divination: detect creatures
  3204 | D:3      | Found a blossoming altar of Fedhas.
  3212 | D:3      | Reached skill level 8 in Long Blades
  3386 | D:3      | Found a faded altar of an unknown god.
  3585 | D:3      | Noticed Terence
  3586 | D:3      | Found a bloodstained altar of Trog.
  3591 | D:3      | Noticed Ijyb
  3592 | D:3      | Slain by Terence

Illustrated notes

Levels and vault maps discovered:
D:1:      evilmike_arrival_hilbert_curve, layout_basic,
          corexii_leaking_fountain, minivault_4, hangedman_decor_points,
          palyth_stone_intersect
D:2:      minmay_roachtagon, layout_basic, fountainhead, uniq_sigmund
D:3:      layout_loops_cross, fedhas_altar_3,
          nzn_overflow_gifts_of_might_and_magic,
          shapermc_ecumenical_altar_mp_highgroup, kennysheep_generic_room_2,
          uniq_ijyb
D:4:      layout_basic, serial_shops, nicolae_stop_n_shop_2, uniq_edmund,
          uniq_grinder
D:5:      minmay_diamond_boxcup, layout_loops_ring,
          minmay_temple_entry_mini_moons, wad_floor_pattern_1, uniq_pikel

Skill      XL: |  1  2  3  4  5  6  7  8 |
---------------+-------------------------+-----
Long Blades    | 3 4 5 6 7 8 |  8.0
Shields        | 2 3 4 |  4.6
Fighting       | |  2.6
Armour         | |  1.5
Dodging        | |  0.7

Action                   |  1- 3 |  4- 6 |  7- 9 || total
-------------------------+-------+-------+-------++-------
Melee: Falchion          |    98 |    66 |   123 ||   287
       Bite              |    16 |    12 |    34 ||    62
       Punch             |     1 |       |       ||     1
Throw: Dart              |       |       |     1 ||     1
Evoke: Wand              |       |     6 |     1 ||     7
  Use: Scroll            |       |       |     8 ||     8
 Stab: Paralysed         |       |     2 |       ||     2
       Sleeping          |       |       |     1 ||     1
Armor: Leather armour    |    43 |    22 |    32 ||    97
Dodge: Dodged            |    42 |    19 |    24 ||    85
Block: Tower shield      |    55 |    59 |    74 ||   188
